 Dungeon Crawl Stone Soup version 0.23.2-40-g277498a001 (webtiles) character file.

Game seed: 15430468719525950299

11229 FishyPogo the Protected (level 11, -20/106 HPs)
             Began as a Deep Dwarf Fighter on Aug 14, 2019.
             Was a High Priest of Makhleb.
             Killed from afar by Jorgrun (38 damage)
             ... with an iron shot
             ... on level 1 of the Orcish Mines.
             The game lasted 00:58:30 (10137 turns).

FishyPogo the Protected (Deep Dwarf Fighter)       Turns: 10137, Time: 00:58:31

Health: -20/106    AC: 16    Str: 27    XL:     11   Next: 46%
Magic:  9/9        EV: 10    Int:  9    God:    Makhleb [*****.]
Gold:   812        SH: 13    Dex: 13    Spells: 10/10 levels left

rFire    . . .     SeeInvis .   b - +2 broad axe (elec)
rCold    . . .     Gourm    .   c - +1 shield
rNeg     . . .     Faith    +   s - +0 ring mail
rPois    .         Spirit   .   O - +0 helmet
rElec    .         Reflect  .   n - +1 cloak
rCorr    .         Harm     .   i - +2 pair of gloves
MR       ++...                  j - +0 pair of boots
Stlth    +.........             p - amulet of faith
HPRegen  0.00/turn              D - ring of flight
MPRegen  0.11/turn              x - ring of protection from magic

@: mighty, lethally poisoned (-20 -> -20), non-regenerating
A: damage resistance, heal wounds, sense surroundings 2, no regeneration
a: Heal Wounds, Minor Destruction, Lesser Servant of Makhleb, Major Destruction,
Greater Servant of Makhleb, Renounce Religion, Evoke Flight


You were on level 1 of the Orcish Mines.
You worshipped Makhleb.
Makhleb was extremely pleased with you.
You were hungry.

You visited 2 branches of the dungeon, and saw 11 of its levels.

You collected 812 gold pieces.

Inventory:

Hand Weapons
 a - a +5 scimitar of flaming
 b - a +2 broad axe of electrocution (weapon)
 J - a +1 hand axe of flaming
Missiles
 l - 449 stones (quivered)
 m - 4 needles of frenzy
 w - 8 javelins
 B - 5 poisoned javelins
 K - 8 steel javelins
 Q - 4 tomahawks
Armour
 c - a +1 shield (worn)
 i - a +2 pair of gloves (worn)
 j - a +0 pair of boots (worn)
 n - a +1 cloak (worn)
 s - a +0 ring mail (worn)
 O - a +0 helmet (worn)
Jewellery
 p - an amulet of faith (around neck)
 x - a ring of protection from magic (right hand)
 D - a ring of flight (left hand)
 M - an uncursed ring of fire
Wands
 A - a wand of acid (7)
Scrolls
 g - 2 scrolls of fear {unknown}
 h - 7 scrolls of teleportation
 k - a scroll of blinking {unknown}
 o - a scroll of magic mapping
 q - 5 scrolls of remove curse
 r - a scroll of enchant armour
 t - a scroll of immolation {unknown}
 u - a scroll of identify
 y - 2 scrolls of amnesia
 E - a scroll of vulnerability {unknown}
 F - a scroll of fog {unknown}
 N - a scroll of torment {unknown}
Potions
 d - a potion of might
 e - 6 potions of curing
 v - a potion of ambrosia
 C - a potion of cancellation
 G - a potion of haste
 H - a potion of lignification
 L - a potion of flight
Comestibles
 f - 25 rations


   Skills:
 * Level 9.5 Fighting
 - Level 5.0 Long Blades
 - Level 3.7(5.0) Axes
   Level 4.4(5.0) Maces & Flails
 - Level 3.1 Throwing
 * Level 11.0 Armour
 - Level 2.0 Dodging
 * Level 8.9 Shields
 * Level 4.6 Invocations


You had 10 spell levels left.
You didn't know any spells.
Your spell library contained the following spells:

 Spells                   Type           Power        Failure   Level  Hunger
 Corona                   Hex            #......      77%         1    ##.....
 Sting                    Conj/Pois      #...         77%         1    ##.....
 Ensorcelled Hibernation  Hex/Ice        #.....       88%         2    ###....
 Poisonous Vapours        Pois/Air       #.....       88%         2    ###....
 Confuse                  Hex            #.......     98%         3    ####...
 Dazzling Spray           Conj/Hex       #.....       98%         3    ####...
 Mephitic Cloud           Conj/Pois/Air  #.......     98%         3    ####...
 Tukima's Dance           Hex            #.......     98%         3    ####...
 Olgreb's Toxic Radiance  Pois           #.......     100%        4    #####..
 Venom Bolt               Conj/Pois      #.........   100%        5    ######.


Dungeon Overview and Level Annotations

Branches:
Dungeon (10/15)            Temple (0/1) D:4            Lair (0/6) D:10
    Orc (1/2) D:10

Altars:
Ashenzari
Dithmenos
Elyvilon
Fedhas
Gozag
Makhleb
Qazlal
Ru
Trog
Uskayaw
Wu Jian
Zin
The Shining One

Shops:
D:7 *   D:8 =

Annotations:
D:9 3 runed translucent doors, exclusion: obsidian statue, terix's ghost, novice DsVM
Orc:1 Jorgrun


Innate Abilities, Weirdness & Mutations

You are resistant to damage.
You can heal yourself by infusing magical energy.
You passively map the area around you.
You do not regenerate.


Message History

You kill the orc!
Makhleb accepts your kill.
You feel better.
You closely miss Jorgrun. You block Jorgrun's attack.
The orc hits you but does no damage. Jorgrun hits you but does no damage.
Unknown command.
The orc barely misses you.
Jorgrun mutters some incantations to himself.
Jorgrun gestures at you while chanting. You resist with almost no effort.
Items here: )))) [[ † Unknown command.
You closely miss the orc. You slash Jorgrun! You block the orc's attack.
Jorgrun hits you with an uncursed staff of earth!
* * * LOW HITPOINT WARNING * * *
Jorgrun crushes you! You block the orc's attack.
Unknown command.
You feel much better. Jorgrun casts a spell at you. The iron shot hits you!!!
You die...

..####......#####)....#####.....#
...##......###.#).)..####......##
............#.........##......##
...#....##...................##
........##........#........###
#.....##.#........##.......#
#....##...#.......###....###
##...###.##....).)#####..#
#.....#........)@g..# #.##
##.............o....###.##
###......##.............#
#...#....#..#....#.##.##
##.###.#..###...####### ###
###..........# #........#### * *
* ** ##.......# , *
#.....))).oo..o , ,,


You could see Jorgrun and an orc.

Vanquished Creatures
  A hydra (D:8)
  2 two-headed ogres (D:9)
  Pikel (D:5)
  Joseph (D:10)
  2 centaur skeletons (D:10)
  A troll (D:10)
  Prince Ribbit (D:4)
  2 dream sheep (D:8)
  Sigmund (D:4)
  2 wyverns
  2 yaks (D:8)
  A human (D:10)
  2 wargs (D:10)
  2 water moccasins
  9 orc warriors
  A hornet zombie (D:10)
  2 phantoms
  4 ice beasts
  6 sky beasts
  2 slaves (D:5)
  4 ogres
  5 centaurs
  A crocodile (D:10)
  3 big kobolds (D:8)
  Blork the orc (D:6)
  7 bullfrogs
  A scorpion (D:5)
  A water moccasin skeleton (D:8)
  3 killer bees (D:9)
  3 wights (D:7)
  3 howler monkeys
  5 crimson imps
  2 bullfrog zombies (D:7)
  4 hounds
  3 jellies
  Crazy Yiuf (D:5)
  10 orc priests
  4 iguanas
  18 orc wizards
  10 worker ants
  A worker ant zombie (D:7)
  10 gnolls
  11 adders
  A shadow imp (D:8)
  An ooze (D:5)
  3 adder skeletons
  5 worms
  A dart slug (D:2)
  8 leopard geckos
  57 orcs
  5 giant cockroaches
  10 goblins
  A hobgoblin (D:1)
  11 jackals
  6 kobolds
  7 quokkas
  A ball python (D:1)
  5 bats
  12 frilled lizards
  7 rats
297 creatures vanquished.

Vanquished Creatures (collateral kills)
  A vampire (D:9)
1 creature vanquished.

Vanquished Creatures (others)
  An orc priest (D:5)
  3 orcs (D:5)
4 creatures vanquished.

Grand Total: 302 creatures vanquished

Notes
Turn   | Place    | Note
-------+----------+-------------------------------------------
     0 | D:1      | FishyPogo the Deep Dwarf Fighter began the quest for the
                  | Orb.
     0 | D:1      | Reached XP level 1. HP: 20/20 MP: 1/1
   240 | D:1      | Reached XP level 2. HP: 21/27 MP: 2/2
   420 | D:1      | Reached skill level 1 in Dodging
   672 | D:2      | Found an opulent altar of Gozag.
   777 | D:2      | Reached XP level 3. HP: 25/34 MP: 3/3
   836 | D:2      | Noticed a scorpion
  1389 | D:2      | Found an ornate altar of the Wu Jian Council.
  1509 | D:2      | Reached XP level 4. HP: 20/42 MP: 4/4
  1696 | D:3      | Found a white marble altar of Elyvilon.
  1697 | D:3      | Found a shattered altar of Ashenzari.
  1804 | D:3      | Found a stormy altar of Qazlal.
  1804 | D:3      | Noticed a fire elemental
  1918 | D:3      | Reached skill level 4 in Armour
  2250 | D:3      | Noticed an air elemental
  2282 | D:3      | Reached XP level 5. HP: 16/50 MP: 5/5
  2317 | D:3      | Found a burning altar of Makhleb.
  2325 | D:3      | Became a worshipper of Makhleb the Destroyer
  2513 | D:3      | Noticed a water elemental
  2751 | D:4      | Reached skill level 1 in Maces & Flails
  2799 | D:4      | Noticed an ogre
  2815 | D:4      | Killed an ogre
  2907 | D:4      | Noticed an ogre
  2916 | D:4      | Reached XP level 6. HP: 24/57 MP: 5/5
  3004 | D:4      | Reached skill level 5 in Armour
  3059 | D:4      | Noticed Sigmund
  3074 | D:4      | Killed Sigmund
  3473 | D:4      | Found a staircase to the Ecumenical Temple.
  3485 | D:4      | Reached XP level 7. HP: 33/66 MP: 6/6
  3867 | D:5      | Entered Level 5 of the Dungeon
  3867 | D:5      | Noticed Prince Ribbit
  3907 | D:5      | Reached skill level 5 in Fighting
  4030 | D:5      | Reached skill level 6 in Armour
  4128 | D:5      | Noticed Pikel
  4129 | D:5      | Reached * piety under Makhleb
  4174 | D:5      | Killed Pikel
  4174 | D:5      | Reached skill level 7 in Armour
  4174 | D:5      | Reached XP level 8. HP: 34/76 MP: 7/7
  4388 | D:5      | Found a runed translucent door.
  4389 | D:5      | Noticed Crazy Yiuf
  4547 | D:5      | Found a blossoming altar of Fedhas.
  4889 | D:4      | Killed Prince Ribbit
  4980 | D:6      | Found a shadowy altar of Dithmenos.
  4989 | D:6      | Noticed Blork the orc
  5095 | D:5      | Killed Crazy Yiuf
  5095 | D:5      | Reached skill level 8 in Armour
  5278 | D:6      | Killed Blork the orc
  5332 | D:6      | Reached ** piety under Makhleb
  5332 | D:6      | Gained mutation: You passively map the area around you.
                  | [Deep Dwarf growth]
  5332 | D:6      | Reached XP level 9. HP: 61/86 MP: 6/6
  5394 | D:6      | Reached skill level 1 in Axes
  5466 | D:6      | Found a glowing golden altar of the Shining One.
  5654 | D:6      | Found a bloodstained altar of Trog.
  5851 | D:7      | Reached skill level 5 in Shields
  6137 | D:7      | Reached *** piety under Makhleb
  6251 | D:7      | Found Fyrilus's General Store.
  6346 | D:7      | Reached skill level 9 in Armour
  6645 | D:8      | Found a glowing silver altar of Zin.
  6699 | D:8      | Found a sacrificial altar of Ru.
  6758 | D:8      | Found Vivonor's Jewellery Emporium.
  6929 | D:8      | Reached **** piety under Makhleb
  7008 | D:8      | Reached XP level 10. HP: 47/96 MP: 7/7
  7472 | D:8      | Reached skill level 1 in Throwing
  7545 | D:8      | Noticed a three-headed hydra
  7561 | D:8      | Killed a one-headed hydra
  7561 | D:8      | Reached skill level 10 in Armour
  7795 | D:9      | Noticed a two-headed ogre
  7855 | D:9      | Killed a two-headed ogre
  7936 | D:9      | Found a hide-covered altar of Uskayaw.
  7944 | D:9      | Reached ***** piety under Makhleb
  8045 | D:9      | Noticed a two-headed ogre
  8051 | D:9      | Killed a two-headed ogre
  8051 | D:9      | Reached skill level 1 in Invocations
  8079 | D:9      | Found a runed translucent gate.
  8079 | D:9      | Found a runed translucent gate.
  8080 | D:9      | Found a runed translucent gate.
  8080 | D:9      | Noticed a cyclops
  8081 | D:9      | Found an opulent altar of Gozag.
  8081 | D:9      | Noticed terix's ghost (novice DsVM)
  8255 | D:9      | Reached XP level 11. HP: 62/106 MP: 9/9
  8323 | D:9      | Noticed an obsidian statue
  8520 | D:10     | Entered Level 10 of the Dungeon
  8901 | D:10     | Noticed Joseph
  8929 | D:10     | Killed Joseph
  9080 | D:10     | Found a staircase to the Orcish Mines.
  9346 | D:10     | HP: 5/106 [something (1)]
  9346 | D:10     | HP: 1/106 [something (4)]
  9485 | D:10     | Found a staircase to the Lair.
  9740 | D:10     | Found a blossoming altar of Fedhas.
  9816 | Orc:1    | Entered Level 1 of the Orcish Mines
  9842 | Orc:1    | Reached skill level 11 in Armour
 10095 | Orc:1    | Noticed Jorgrun
 10108 | Orc:1    | Reached skill level 5 in Long Blades
 10111 | Orc:1    | HP: 1/106 [Jorgrun/uncursed staff of earth (11)]
 10129 | Orc:1    | HP: 5/106 [orc/+0 trident (3)]
 10136 | Orc:1    | HP: 4/106 [Jorgrun/uncursed staff of earth (9)]
 10137 | Orc:1    | Killed from afar by Jorgrun

Skill      XL: |  1  2  3  4  5  6  7  8  9 10 11 |
---------------+----------------------------------+-----
Dodging        | 1 2 |  2.0
Fighting       | 3 4 6 7 8 9 |  9.5
Shields        | 4 6 8 |  8.9
Armour         | 4 5 7 8 9 10 11 | 11.0
Maces & Flails | 1 2 3 4 |  4.4
Axes           | 3 |  3.7
Long Blades    | 3 4 5 |  5.0
Throwing       | 3 |  3.1
Invocations    | 2 4 |  4.6

Action                   |  1- 3 |  4- 6 |  7- 9 | 10-12 || total
-------------------------+-------+-------+-------+-------++-------
Melee: Long sword        |    30 |       |       |       ||    30
       Mace              |    75 |   134 |   168 |       ||   377
       Broad axe         |       |       |    33 |    44 ||    77
       Scimitar          |       |       |   175 |   363 ||   538
       Hand axe          |       |       |       |    10 ||    10
Throw: Stone             |    24 |    44 |    54 |    37 ||   159
       Javelin           |       |       |    10 |       ||    10
Invok: Minor Destruction |       |       |       |     3 ||     3
       Lesser Servant of |       |       |       |     1 ||     1
 Abil: Heal Wounds       |       |     2 |     5 |    13 ||    20
  Use: Potion            |       |     5 |     3 |     7 ||    15
       Scroll            |       |       |     6 |     4 ||    10
  Eat: Chunk             |     2 |     6 |    13 |    10 ||    31
Armor: Leather armour    |    36 |       |       |       ||    36
       Ring mail         |     3 |    57 |   191 |   213 ||   464
       Skin              |       |       |    34 |       ||    34
Dodge: Dodged            |    68 |    77 |   190 |   230 ||   565
Block: Shield            |       |       |       |   111 ||   111
       Rpst.: Long sword |     5 |       |       |       ||     5
       Scimitar          |       |       |    26 |    50 ||    76
